 Dungeon Crawl Stone Soup version 0.26.0-9-gab577f9fc5 (webtiles) character file.

Game seed: 18163183642605817198

34 BOMJPIETVODKU the Chiller (level 3, 0/26 HPs)
             Began as a Draconian Ice Elementalist on Jan 13, 2021.
             Slain by a gnoll
             ... wielding a +0 flail
              (6 damage)
             ... on level 1 of the Dungeon.
             The game lasted 00:07:12 (1310 turns).

BOMJPIETVODKU the Chiller (DrIE)                    Turns: 1310, Time: 00:07:13

Health: 0/26       AC:  7    Str:  8 (10) XL:     3   Next: 14%
Magic:  6/6        EV: 12    Int: 13 (16) God:
Gold:   41         SH:  0    Dex:  8 (11) Spells: 5/6 levels left

rFire    . . .     SeeInvis +   j - +0 dagger (venom)
rCold    . . .     Faith    .   (no shield)
rNeg     . . .     Spirit   .   (armour unavailable)
rPois    .         Reflect  .   (helmet restricted)
rElec    .         Harm     .   (no cloak)
rCorr    .         Rampage  .   i - +0 pair of gloves
Will     .....                  k - +0 pair of boots
Stlth    +.........             (no amulet)
HPRegen  0.08/turn              e - ring of see invisible
MPRegen  0.10/turn              (no ring)

@: no status effects
A: unfitting armour, cold-blooded, AC +5
a: no special abilities


You were on level 1 of the Dungeon.
You visited 1 branch of the dungeon, and saw 2 of its levels.

You collected 41 gold pieces.

Inventory:

Hand Weapons
 j - a +0 dagger of venom (weapon)
Missiles
 c - 58 stones
 l - 10 poisoned darts
Armour
 i - a +0 pair of gloves (worn)
 k - a +0 pair of boots (worn)
Jewellery
 d - an uncursed amulet of guardian spirit
 e - a ring of see invisible (left hand)
Scrolls
 f - a scroll of remove curse
Potions
 h - a potion of curing {unknown}


   Skills:
 + Level 1.0 Short Blades
 + Level 1.8 Dodging
 - Level 1.7 Stealth
 + Level 2.3 Spellcasting
 + Level 4.6 Ice Magic


You had 5 spell levels left.
You knew the following spells:

 Your Spells              Type           Power        Failure   Level
a - Freeze                Ice            52%          3%          1

Your spell library contained the following spells:

 Spells                   Type           Power        Failure   Level
 Frozen Ramparts          Ice            26%          11%         3
 Ozocubu's Armour         Ice            13%          11%         3
 Hailstorm                Conj/Ice       7%           67%         4
 Summon Ice Beast         Ice/Summ       7%           67%         4


Dungeon Overview and Level Annotations

Branches:
Dungeon (2/15)

Altars:


Innate Abilities, Weirdness & Mutations

Your plain brown scales are hard. (AC +5)
You cannot fit into any form of body armour.
You are cold-blooded and may be slowed by cold attacks.


Message History

There is a stone staircase leading up here.
You climb upwards.
There is a stone staircase leading down here.
You start resting.
Magic restored.
You start resting.
HP restored.
You climb downwards.
The rat barely misses you. The gnoll hits you with a +0 flail!
There is a stone staircase leading up, spattered with blood here.
The rat closely misses you. The gnoll misses you.
The gnoll hits you from afar with a +0 spear!
* * * LOW HITPOINT WARNING * * *
You climb upwards.
There is a stone staircase leading down here.
It was a potion of degeneration.
There was something very wrong with that liquid.
You feel weakened.
You feel dopey.
You feel clumsy. The rat bites you but does no damage.
The gnoll hits you with a +0 flail.
You die...

#).##.# ############ #..##.# ####
#..##.# ###########... #...#.#
#...........## #.#.#.#
#.########### ##### #.#...#
#.####..#### ....# #.##..#
#..........###
....########.##g.########.###..##
.............###@....# #.# ##...
.[..####........r###.# #.# ####
....# #.#######.# #.# #.# ##
....# #(# #...#.# #.# #.# ##.
....####.# #.#.#.# #.# #.# #≈≈
.......#.# #.#.#.###.####.# #.#
##†#.#.#.# #.#.#..........# #.#
#.#.....# #.#.#####.###### ##≈
#.###.### #)#.# #.# ##P≈


You could see a gnoll and a rat.

Vanquished Creatures
  A gnoll (D:2)
  An ooze (D:2)
  2 giant cockroaches (D:1)
  6 goblins
  A ball python (D:2)
  2 bats
  4 kobolds
  3 rats (D:1)
20 creatures vanquished.

Vanquished Creatures (others)
  A fungus (D:1)
  A plant (D:1)
2 creatures vanquished.

Grand Total: 22 creatures vanquished

Notes
Turn   | Place    | Note
-------+----------+-------------------------------------------
     0 | D:1      | BOMJPIETVODKU the Draconian Ice Elementalist began the
                  | quest for the Orb.
     0 | D:1      | Reached XP level 1. HP: 14/14 MP: 3/3
   415 | D:1      | Reached XP level 2. HP: 16/20 MP: 3/5
  1164 | D:2      | Reached skill level 1 in Short Blades
  1164 | D:2      | Reached XP level 3. HP: 14/26 MP: 2/6
  1310 | D:1      | Slain by a gnoll

Illustrated notes

Levels and vault maps discovered:
D:1:      lemuel_arrival_muddy, layout_basic, supply_closet_lemuel
D:2:      layout_loops_corners, vehumet_crystals,
          nemelex_xobeh_ov_fountains_minmay, xom_teletrap_fun

Skill      XL: |  1  2 |
---------------+-------+-----
Short Blades   | 1 |  1.0
Dodging        | |  1.8
Stealth        | |  1.7
Spellcasting   | |  2.3
Ice Magic      | |  4.6

Action                   || total
-------------------------++-------
Melee: Dagger            ||    27
       Unarmed           ||    10
       Tailslap          ||     1
 Cast: Freeze            ||    15
  Use: Scroll            ||     3
       Potion            ||     1
 Stab: Sleeping          ||     2
Armor: Skin              ||    13
Dodge: Dodged            ||    26
